 Dungeon Crawl Stone Soup version 0.29.0-4-gdea44cf6ec (webtiles) character file.

Game seed: 8271903153123799201

62 qw the Ruffian (level 4, -3/35 HPs)
             Began as a Ghoul Fire Elementalist on Aug 29, 2022.
             Slain by a goblin
             ... wielding a +0 whip
             ... led by Robin
              (4 damage)
             ... on level 3 of the Dungeon.
             The game lasted 00:02:12 (3297 turns).

qw the Ruffian (Ghoul Fire Elementalist)            Turns: 3297, Time: 00:02:12

Health: -3/35      AC:  9    Str: 13    XL:     4   Next: 8%
Magic:  5/5        EV:  8    Int: 10    God:
Gold:   76         SH:  4    Dex:  9    Spells: 5/6 levels left

rFire   . . .      SeeInvis .     - Unarmed
rCold   + . .      Faith    .   n - +2 buckler
rNeg    + + +      Spirit   .   i - +0 scale mail
rPois   inf        Reflect  .   (no helmet)
rElec   .          Harm     .   (no cloak)
rCorr   .          Rampage  .   (no gloves)
Will    .....                   h - +2 pair of boots
Stlth   ..........              (no amulet)
HPRegen 0.00/turn               (no ring)
MPRegen 0.09/turn               (no ring)

@: about to teleport, inhibited regen
A: claws 1, cold resistance 1, negative energy resistance 3, inhibited
regeneration, torment resistance 2, devour on kill
a: no special abilities


You were on level 3 of the Dungeon.
You visited 1 branch of the dungeon, and saw 3 of its levels.

You collected 106 gold pieces.
You spent 30 gold pieces at shops.


Innate Abilities, Weirdness & Mutations

You are immune to poison.
You have sharp fingernails.
Your flesh is cold resistant. (rC+)
You are immune to negative energy. (rN+++)
You do not regenerate when monsters are visible.
You are immune to unholy pain and torment.
You thrive by killing the living.


   Skills:
 - Level 1.0 Fighting
 - Level 1.7 Dodging
 - Level 2.1 Stealth
 + Level 3.6 Unarmed Combat
 - Level 1.7 Spellcasting
 - Level 0.7 Conjurations
 - Level 2.4 Fire Magic


You had 5 spell levels left.
You knew the following spells:

 Your Spells              Type           Power      Damage    Failure   Level
a - Foxfire               Conj/Fire      16%        2x1d4     75%         1

Your spell library contained the following spells:

 Spells                   Type           Power      Damage    Failure   Level
 Scorch                   Fire           10%        2d6       77%         2
 Conjure Flame            Conj/Fire      4%         6-21      98%         3
 Inner Flame              Hex/Fire       3%         N/A       99%         3
 Flame Wave               Conj/Fire      4%         2d5       100%        4

Inventory:

Armour
 h - a +2 pair of boots (worn)
 i - a +0 scale mail (worn)
 n - a +2 buckler (worn)
Scrolls
 e - a scroll of identify
 k - 2 scrolls of enchant armour
 q - a scroll of teleportation
Potions
 a - a potion of flight {unknown}
 d - a potion of berserk rage {unknown}
 f - a potion of degeneration {unknown}
 j - a potion of curing {unknown}
 l - a potion of attraction {unknown}
 m - a potion of haste {unknown}

Dungeon Overview and Level Annotations

Branches:
Dungeon (3/15)

Altars:
Vehumet

Shops:
D:1 ((?

Annotations:
D:3 Robin


Message History

You scratch the orc but do no damage.
Your surroundings suddenly seem different.
A ball python and a kobold come into view.
Found 9 gold pieces.
The ball python hisses angrily.
Enter note:
3291 ||| READING 3 scrolls of teleportation.
As you read the scroll of teleportation, it crumbles to dust.
You feel strangely unstable. You block the kobold's attack.
You barely miss the kobold. You block the kobold's attack.
You scratch the kobold.
You kill the kobold!
Your surroundings suddenly seem different.
A hobgoblin, a goblin, 4 orcs and a giant cockroach come into view.
Found a chain mail.
The hobgoblin shouts!
The goblin shouts!
The orc shouts! x4; You hear a shout! x5
Robin of the Strong Arm comes into view.
They are wielding a +0 dagger.
A goblin comes into view. It is wielding a +0 dagger.
A goblin comes into view. It is wielding a +0 club.
The hobgoblin moves out of view.
You hear a shout!
3295 ||| READING 2 scrolls of teleportation.
As you read the scroll of teleportation, it crumbles to dust.
You feel strangely unstable.
Robin shouts!
The goblin shouts!
Robin throws the goblin at you!
You claw the orc!
You kill the orc!
A goblin comes into view. It is wielding a +0 club.
The goblin hits you but does no damage.
Robin roars a battlecry!
The goblins go into a battle-frenzy!
The goblin shouts!
You scratch the goblin.
The goblin is heavily wounded.
A hobgoblin comes into view.
The goblin hits you with a +0 whip.
You die...

o###......####
o #......# # .
#.....(##.?.. .
#.....)...# o
#####+#...# .
....# . ......
. .
.....B#####...^
.
......g@oo.....
.
######......###
. #.o....... .
+....g.... .
##[.g.g... .
#.g...###
#......
####.ggg


You could see Robin, 3 orcs, a giant cockroach, 2 hobgoblins and 5 goblins.

Vanquished Creatures
  2 worms (D:2)
  2 dart slugs (D:1)
  2 orcs (D:3)
  4 endoplasms
  5 goblins
  3 hobgoblins (D:1)
  8 jackals
  A quokka (D:1)
  5 ball pythons
  3 bats
  2 frilled lizards (D:1)
  4 kobolds
  3 rats
44 creatures vanquished.

Notes
Turn   | Place    | Note
-------+----------+-------------------------------------------
     0 | D:1      | qw the Ghoul Fire Elementalist began the quest for the Orb.
     0 | D:1      | Reached XP level 1. HP: 14/14 MP: 2/2
     0 | D:1      | 0 ||| qw: Version: 0.1-a-90-g952f4b7
     0 | D:1      | 0 ||| qw: Game counter: 4127
     0 | D:1      | 0 ||| qw: Always use a shield: true
     0 | D:1      | 0 ||| qw: God list: Okawaru
     0 | D:1      | 0 ||| qw: Allow faded altars: false
     0 | D:1      | 0 ||| qw: Do Orc after D:15 true
     0 | D:1      | 0 ||| qw: Do second Lair branch before Depths: true
     0 | D:1      | 0 ||| qw: Lair rune preference: random
     0 | D:1      | 0 ||| qw: Plans: Normal
     0 | D:1      | 0 ||| PLANNING D:1-11
    50 | D:1      | Reached skill level 1 in Unarmed Combat
   203 | D:1      | HP: 3/14 [hobgoblin (2)]
   427 | D:1      | Reached skill level 1 in Fighting
   427 | D:1      | Reached XP level 2. HP: 23/23 MP: 3/3
   532 | D:1      | 532 ||| Stepping ~*~*~tactically~*~*~ (stealth).
   539 | D:1      | 539 ||| Stepping ~*~*~tactically~*~*~ (stealth).
   554 | D:1      | 554 ||| Stepping ~*~*~tactically~*~*~ (stealth).
   563 | D:1      | Reached skill level 2 in Unarmed Combat
   836 | D:1      | 836 ||| Stepping ~*~*~tactically~*~*~ (hiding).
   938 | D:1      | 938 ||| Stepping ~*~*~tactically~*~*~ (hiding).
  1040 | D:1      | 1040 ||| Stepping ~*~*~tactically~*~*~ (hiding).
  1142 | D:1      | 1142 ||| Stepping ~*~*~tactically~*~*~ (hiding).
  1244 | D:1      | 1244 ||| Stepping ~*~*~tactically~*~*~ (hiding).
  1346 | D:1      | 1346 ||| Stepping ~*~*~tactically~*~*~ (hiding).
  1558 | D:1      | Reached XP level 3. HP: 28/28 MP: 4/4
  1567 | D:1      | Found Vioxt's Weapon Shop.
  1570 | D:1      | Found Paronnur's Weapon Shop.
  1737 | D:1      | HP: 5/28 [jackal (3)]
  1738 | D:1      | HP: 2/28 [jackal (3)]
  2098 | D:1      | Found Lienlir's Magic Scroll Shoppe.
  2109 | D:1      | 2109 ||| SHOPLISTING scroll of brand weapon (95 gold, have
                  | 35).
  2109 | D:1      | 2109 ||| BUYING scroll of teleportation (30 gold).
  2109 | D:1      | Bought a scroll of teleportation for 30 gold pieces
  2160 | D:1      | 2160 ||| Stepping ~*~*~tactically~*~*~ (stealth).
  2161 | D:1      | 2161 ||| Stepping ~*~*~tactically~*~*~ (stealth).
  2163 | D:1      | 2163 ||| Stepping ~*~*~tactically~*~*~ (stealth).
  2266 | D:1      | 2266 ||| UPGRADING to +0 leather armour.
  2276 | D:1      | 2276 ||| DROPPING +0 robe.
  2277 | D:1      | 2277 ||| READING scroll labelled PAKKARPH HEOP.
  2278 | D:1      | 2278 ||| READING scroll labelled MIUDWO COIPU.
  2279 | D:1      | 2279 ||| READING 2 scrolls labelled UTZILOKOCU.
  2280 | D:1      | 2280 ||| READING scroll labelled FAXKUE IDINOPT.
  2281 | D:1      | 2281 ||| READING 2 scrolls labelled WUUCESKODGHA.
  2282 | D:1      | 2282 ||| READING 2 scrolls labelled SENUHEATU.
  2283 | D:1      | 2283 ||| READING 3 scrolls labelled ZUWUMU KATUNGA.
  2284 | D:1      | 2284 ||| DRINKING 2 bubbling emerald potions.
  2285 | D:1      | 2285 ||| DRINKING 2 bubbling dark potions.
  2286 | D:1      | 2286 ||| DROPPING potion of magic.
  2287 | D:1      | 2287 ||| DROPPING potion of lignification.
  2288 | D:1      | 2288 ||| DROPPING scroll of blinking.
  2289 | D:1      | 2289 ||| DROPPING scroll of noise.
  2290 | D:1      | 2290 ||| DROPPING potion of brilliance.
  2291 | D:1      | 2291 ||| DROPPING 2 scrolls of amnesia.
  2366 | D:2      | Reached skill level 3 in Unarmed Combat
  2517 | D:2      | Found a radiant altar of Vehumet.
  2850 | D:2      | Found a faded altar of an unknown god.
  3216 | D:2      | 3216 ||| UPGRADING to +2 pair of boots.
  3221 | D:2      | 3221 ||| UPGRADING to +0 scale mail.
  3231 | D:2      | 3231 ||| DROPPING +0 leather armour.
  3232 | D:2      | 3232 ||| UPGRADING to +2 buckler.
  3237 | D:2      | 3237 ||| READING scroll labelled RAIRRI FIOJ.
  3238 | D:2      | 3238 ||| READING scroll labelled RULOACV QAUNT.
  3239 | D:2      | 3239 ||| READING scroll labelled HYBUVI GOZOCRA.
  3265 | D:3      | 3265 ||| Stepping ~*~*~tactically~*~*~ (outnumbered).
  3266 | D:3      | 3266 ||| Stepping ~*~*~tactically~*~*~ (outnumbered).
  3267 | D:3      | 3267 ||| Stepping ~*~*~tactically~*~*~ (outnumbered).
  3268 | D:3      | 3268 ||| Stepping ~*~*~tactically~*~*~ (outnumbered).
  3270 | D:3      | 3270 ||| Stepping ~*~*~tactically~*~*~ (outnumbered).
  3271 | D:3      | 3271 ||| Stepping ~*~*~tactically~*~*~ (outnumbered).
  3283 | D:3      | 3283 ||| Stepping ~*~*~tactically~*~*~ (stealth).
  3287 | D:3      | Reached XP level 4. HP: 17/35 MP: 5/5
  3287 | D:3      | HP: 1/35 [orc priest/divine providence (16)]
  3288 | D:3      | 3288 ||| READING 4 scrolls of teleportation.
  3291 | D:3      | 3291 ||| READING 3 scrolls of teleportation.
  3294 | D:3      | Noticed Robin
  3295 | D:3      | 3295 ||| READING 2 scrolls of teleportation.
  3297 | D:3      | Slain by a goblin

Levels and vault maps discovered:
D:1:      dpeg_arrival_windows_large_door, layout_loops_cross, serial_shops,
          shop_fountains, shop, shop
D:2:      layout_basic, ebering_ecumenical_altar_petrified, basic_altar
D:3:      layout_basic, minmay_overflow_temple_hex, minmay_misc_feat_hallway,
          chequers_serial_rivers_micro_c, uniq_robin, uniq_ijyb, uniq_jessica

Skill      XL: |  1  2  3 |
---------------+----------+-----
Unarmed Combat | 1 2 3 |  3.6
Fighting       | 1 |  1.0
Dodging        | |  1.7
Stealth        | |  2.1
Spellcasting   | |  1.7
Conjurations   | |  0.7
Fire Magic     | |  2.4

Action                   |  1- 3 |  4- 6 || total
-------------------------+-------+-------++-------
Melee: Unarmed           |   185 |     7 ||   192
       Punch             |     1 |       ||     1
  Use: Scroll            |    10 |     3 ||    13
       Potion            |     2 |       ||     2
 Stab: Distracted        |     1 |       ||     1
       Sleeping          |     1 |       ||     1
Armor: Robe              |    13 |       ||    13
       Leather armour    |    18 |       ||    18
       Scale mail        |    17 |     2 ||    19
Dodge: Dodged            |   115 |     2 ||   117
Block: Buckler           |    11 |     3 ||    14

Table legend:
 A = Non-vault XP
 B = Vault XP
 C = Vault XP percentage of total XP
 D = Non-vault monster count
 E = Vault monster count
 F = Vault count percentage of total count
                 A         B        C        D         E       F
            +---------+---------+-------+---------+---------+-------
      Total |      89 |       0 |   0.0 |      44 |       0 |   0.0
            +---------+---------+-------+---------+---------+-------
        D:1 |      54 |       0 |   0.0 |      29 |       0 |   0.0
        D:2 |      24 |       0 |   0.0 |      10 |       0 |   0.0
        D:3 |      11 |       0 |   0.0 |       5 |       0 |   0.0
            +---------+---------+-------+---------+---------+-------
